 Dungeon Sprint DCSS version 0.28.0-43-g3370ac3207 (webtiles) character file.

Game seed: 6357295475426636447

776 boopmooplesden the Cleaver (level 7, 0/70 HPs)
             Began as a Minotaur Berserker on Mar 8, 2022.
             Was a Priest of Trog.
             Slain by a neqoxec (9 damage)
             ... in the Dungeon (Sprint II: "The Violet Keep of Menkaure").
             The game lasted 00:00:36 (308 turns).

boopmooplesden the Cleaver (Minotaur Berserker)      Turns: 308, Time: 00:00:36

Health: 0/70       AC:  2    Str: 24      XL:     7   Next: 54%
Magic:  6/6        EV: 13    Int:  2 (4)  God:    Trog [***...]
Gold:   486        SH:  0    Dex:  9      Spells: 6/6 levels left

rFire   . . .      SeeInvis .   a - +0 hand axe
rCold   . . .      Faith    .   (no shield)
rNeg    . . .      Spirit   .   b - +0 animal skin
rPois   .          Reflect  .   (helmet restricted)
rElec   .          Harm     .   (no cloak)
rCorr   .          Rampage  .   (no gloves)
Will    .....      NoTele   +   (no boots)
Stlth   +.........              (no amulet)
HPRegen 0.21/turn               (no ring)
MPRegen 0.10/turn               (no ring)

@: no status effects
A: horns 2, retaliatory headbutt, deterioration 1, frail 1, subdued magic 1
a: Renounce Religion, Berserk, Trog's Hand


You were in the Dungeon.
You worshipped Trog.
Trog was most pleased with you.
You visited 1 branch You collected 486 gold pieces.

Inventory:

Hand Weapons
 a - a +0 hand axe (weapon)
Armour
 b - a +0 animal skin (worn)
Scrolls
 h - a scroll of blinking
Potions
 c - a potion of curing
 d - a potion of heal wounds
 e - a potion of haste
 f - 2 potions of magic
 g - a potion of berserk rage


   Skills:
 + Level 12.7 Fighting
 + Level 13.2 Axes
 + Level 6.6 Armour
 + Level 6.4 Dodging


You had 6 spell levels left.
You didn't know any spells.
Your spell library was empty.

Dungeon Overview and Level Annotations

Branches:
Dungeon (1/1)

Altars:


Innate Abilities, Weirdness & Mutations

You have a pair of horns on your head.
You reflexively headbutt those who attack you in melee.
Your body sometimes deteriorates upon taking damage.
You are frail. (-10% HP)
Your spells are a little easier to cast, but a little less powerful.


Message History

Something tries to feed on your intellect!
You hit the neqoxec. You headbutt the neqoxec.
You kill the neqoxec!
Trog accepts your kill.
You feel your strength returning.
Your Axes skill increases to level 13!
The neqoxec completely misses you. The neqoxec hits you.
There is a broken door here.
You slash the neqoxec!
The neqoxec is moderately wounded.
You hit the neqoxec but do no damage.
The neqoxec hits you but does no damage. x2
You barely miss the neqoxec. You headbutt the neqoxec!
The neqoxec is heavily wounded.
You slash the neqoxec! The neqoxec gestures at you.
Something tries to feed on your intellect!
The neqoxec hits you!
* * * LOW HITPOINT WARNING * * *
Your body deteriorates!
You feel dopey.
You barely miss the neqoxec.
The neqoxec is moderately wounded.
You barely miss the neqoxec. Your headbutt misses the neqoxec.
The neqoxec is moderately wounded.
The neqoxec misses you.
You closely miss the neqoxec.
The neqoxec is moderately wounded.
The neqoxec gestures at you.
You feel dopey. Something feeds on your intellect!
You hit the neqoxec. Your headbutt misses the neqoxec.
The neqoxec is moderately wounded.
You barely miss the neqoxec.
The neqoxec is moderately wounded.
The neqoxec hits you!
* * * LOW HITPOINT WARNING * * *
You hit the neqoxec. Your headbutt misses the neqoxec.
The neqoxec is moderately wounded.
The neqoxec hits you!
You die...

## ##
#.###.#
#†#.# ##
#†## .##
##.###..#
+.<.'.##+
##@###..#
#3# #.##
#.3.####
#..##.#
### ##


You could see 2 neqoxecs.

Vanquished Creatures
  2 wyverns (D)
  2 neqoxecs (D)
  4 scorpions (D)
8 creatures vanquished.

Vanquished Creatures (others)
  Menkaure (D)
1 creature vanquished.

Grand Total: 9 creatures vanquished

Notes
Turn   | Place    | Note
-------+----------+-------------------------------------------
     0 | D        | boopmooplesden the Minotaur Berserker began the quest for
                  | the Orb.
     0 | D        | Reached XP level 1. HP: 19/19 MP: 0/0
     1 | D        | Noticed a scorpion
     1 | D        | Noticed a scorpion
     1 | D        | Noticed a scorpion
     1 | D        | Noticed a scorpion
     5 | D        | Killed a scorpion
     6 | D        | Reached skill level 6 in Axes
     6 | D        | Reached XP level 2. HP: 31/31 MP: 1/1
     6 | D        | Reached XP level 3. HP: 38/38 MP: 2/2
     7 | D        | Killed a scorpion
     8 | D        | Reached skill level 8 in Axes
     8 | D        | Reached XP level 4. HP: 48/48 MP: 3/3
    10 | D        | Killed a scorpion
    10 | D        | Reached ** piety under Trog
    11 | D        | Reached skill level 9 in Axes
    11 | D        | Reached XP level 5. HP: 48/56 MP: 4/4
    14 | D        | Reached skill level 5 in Armour
   221 | D        | Killed Menkaure
   242 | D        | Noticed a water moccasin
   246 | D        | Noticed a wyvern
   246 | D        | Noticed a wyvern
   249 | D        | Killed a wyvern
   250 | D        | Reached skill level 10 in Fighting
   250 | D        | Reached skill level 11 in Axes
   250 | D        | Reached skill level 5 in Dodging
   250 | D        | Reached XP level 6. HP: 67/67 MP: 5/5
   254 | D        | Killed a wyvern
   255 | D        | Reached skill level 12 in Axes
   255 | D        | Reached XP level 7. HP: 75/75 MP: 6/6
   278 | D        | Noticed a neqoxec
   278 | D        | Noticed a neqoxec
   278 | D        | Noticed a neqoxec
   278 | D        | Noticed a neqoxec
   284 | D        | Gained mutation: You are frail. (-10% HP) [a neqoxec]
   288 | D        | Gained mutation: Your body sometimes deteriorates upon
                  | taking damage. [a neqoxec]
   289 | D        | Killed a neqoxec
   289 | D        | Reached *** piety under Trog
   293 | D        | Gained mutation: Your spells are a little easier to cast,
                  | but a little less powerful. [a neqoxec]
   298 | D        | Killed a neqoxec
   299 | D        | Reached skill level 13 in Axes
   308 | D        | Slain by a neqoxec

Illustrated notes

Levels and vault maps discovered:
D:        the_violet_keep_of_menkaure [sprint2_stairs_cluster_1,
          sprint2_shoproom, sprint2_temple, sprint2_basic_supplies,
          sprint2_obstacle_1, sprint2_obstacle_2, sprint2_obstacle_7,
          sprint2_obstacle_4, sprint2_obstacle_3, sprint2_timed_cluster_1,
          sprint2_smallroom_cluster_1, sprint2_smallroom_final_cluster_1,
          sprint2_transparent_cluster_1, sprint2_second_timed_cluster_1,
          sprint2_sniper_area_1, sprint2_heavy_combat_area_1,
          sprint2_mutation_trap_area_1, sprint2_forest_area_1,
          sprint2_light_combat_area_1, sprint2_behind_water_1,
          sprint2_near_end_vault_1]

Skill      XL: |  1  2  3  4  5  6  7 |
---------------+----------------------+-----
Fighting       | 6 7 8 10 11 12 | 12.7
Axes           | 6 8 9 11 12 13 | 13.2
Armour         | 3 4 5 6 |  6.6
Dodging        | 3 4 5 6 |  6.4

Action                   |  1- 3 |  4- 6 |  7- 9 || total
-------------------------+-------+-------+-------++-------
Melee: Hand axe          |     5 |    10 |    27 ||    42
       Punch             |       |     1 |     3 ||     4
       Headbutt          |       |     2 |     5 ||     7
Invok: Berserk           |     1 |     1 |       ||     2
Armor: Animal skin       |     1 |     1 |     2 ||     4
Dodge: Dodged            |     1 |     5 |     4 ||    10
